 Dungeon Crawl Stone Soup version 0.28-a0-1510-gd0f6b136d3 (webtiles) character file.

Game seed: 2501955128927534552

2998 oldriver the Nimble (level 9, -2/68 (71) HPs)
             Began as a Gnoll Gladiator on Jan 15, 2022.
             Was an Initiate of Gozag.
             Slain by a wyvern zombie (12 damage)
             ... on level 7 of the Dungeon.
             The game lasted 00:16:17 (13406 turns).

oldriver the Nimble (Gnoll Gladiator)              Turns: 13406, Time: 00:16:18

HP:   -2/68 (71)    AC: 11    Str: 18    XL:     9   Next: 84%
MP:   15/15         EV: 12    Int:  7    God:    Gozag
Gold: 792           SH:  5    Dex: 14    Spells: 17/17 levels left

rFire   + . .      SeeInvis .   g - +2 dagger (venom)
rCold   + . .      Faith    .   f - +0 buckler {rC+ rF+}
rNeg    + . .      Spirit   .   B - +2 scale mail {Will+}
rPois   .          Reflect  .   c - +0 helmet
rElec   .          Harm     .   (no cloak)
rCorr   +          Rampage  .   (no gloves)
Will    +....                   k - +0 pair of boots
Stlth   +.........              (no amulet)
HPRegen 0.21/turn               x - ring of positive energy
MPRegen 0.14/turn               m - ring of resist corrosion

@: lightly drained
A: fangs 1, strong nose, distributed training
a: Renounce Religion, Potion Petition, Call Merchant, Bribe Branch


You were on level 7 of the Dungeon.
You worshipped Gozag.
Gozag was pleased with you.
You visited 2 branches of the dungeon, and saw 8 of its levels.
You also visited: Ossuary.

You collected 886 gold pieces.
You paid 94 gold pieces to Gozag.

Inventory:

Hand Weapons
 g - a +2 dagger of venom (weapon)
 p - a +2 vampiric whip
Missiles
 d - 6 throwing nets
 j - 208 stones (quivered)
 o - 11 poisoned darts
Armour
 c - a +0 helmet (worn)
 f - a +0 buckler of resistance (worn)
 k - a +0 pair of boots (worn)
 B - a +2 scale mail of willpower (worn)
Jewellery
 m - a ring of resist corrosion (right hand)
 x - a ring of positive energy (left hand)
Wands
 b - a wand of digging (2)
 e - a wand of flame (7)
Scrolls
 h - 4 scrolls of fear
 l - 2 scrolls of noise
 q - 2 scrolls of identify
 t - a scroll of teleportation
 y - 2 scrolls of enchant armour {unknown}
 z - a scroll of summoning {unknown}
Potions
 a - 2 potions of haste {unknown}
 i - 5 potions of mutation {unknown}
 n - a potion of degeneration {unknown}
 r - a potion of resistance {unknown}
 s - a potion of cancellation
 u - 2 potions of curing
 v - 3 potions of lignification {unknown}
 w - a potion of flight {unknown}
 A - a potion of might {unknown}


   Skills:
 + Level 6.6 Fighting
 + Level 4.6 Short Blades
 + Level 8.1 Long Blades
 + Level 4.6 Axes
 + Level 4.6 Maces & Flails
 + Level 4.6 Polearms
 + Level 4.6 Staves
 + Level 4.6 Slings
 + Level 4.6 Bows
 + Level 4.6 Crossbows
 + Level 6.6 Throwing
 + Level 4.6 Armour
 + Level 8.1 Dodging
 + Level 4.6 Stealth
 + Level 4.6 Shields
 + Level 4.6 Unarmed Combat
 + Level 4.6 Spellcasting
 + Level 3.8 Conjurations
 + Level 3.8 Hexes
 + Level 3.8 Summonings
 + Level 3.8 Necromancy
 + Level 3.8 Translocations
 + Level 3.8 Transmutations
 + Level 3.8 Fire Magic
 + Level 3.8 Ice Magic
 + Level 3.8 Air Magic
 + Level 3.8 Earth Magic
 + Level 3.8 Poison Magic
 + Level 5.1 Invocations
 + Level 4.6 Evocations


You had 17 spell levels left.
You didn't know any spells.
Your spell library contained the following spells:

 Spells                   Type           Power      Damage    Failure   Level
 Animate Skeleton         Necr           14%        N/A       24%         1
 Apportation              Tloc           14%        N/A       24%         1
 Foxfire                  Conj/Fire      28%        2x1d5     24%         1
 Summon Small Mammal      Summ           28%        N/A       24%         1
 Ensorcelled Hibernation  Hex/Ice        14%        N/A       34%         2
 Scorch                   Fire           14%        2d6       34%         2
 Conjure Flame            Conj/Fire      7%         6-21      56%         3
 Ignite Poison            Fire/Tmut/Pois 7%         N/A       56%         3
 Inner Flame              Hex/Fire       7%         N/A       56%         3
 Spider Form              Tmut/Pois      7%         N/A       56%         3
 Anguish                  Hex/Necr       3%         N/A       93%         4
 Flame Wave               Conj/Fire      7%         2d4       93%         4
 Sticky Flame             Conj/Fire      7%         2d3       93%         4
 Summon Cactus Giant      Summ           3%         N/A       100%        6


Dungeon Overview and Level Annotations

Branches:
Dungeon (7/15)             Temple (1/1) D:5         Ossuary (visited)

Altars:
Ashenzari
Cheibriados
Dithmenos
Elyvilon
Fedhas
Gozag
Hepliaklqana
Kikubaaqudgha
Makhleb
Nemelex Xobeh
Okawaru
Qazlal
Ru
Sif Muna
Trog
Uskayaw
Vehumet
Wu Jian
Xom
Yredelemnul
Zin
The Shining One


Innate Abilities, Weirdness & Mutations

You have very sharp teeth.
Your uncanny sense of smell can sniff out nearby items.
Your experience applies equally to all skills.


Message History

The wyvern zombie is heavily damaged.
You block the wyvern zombie's attack.
You hit the wyvern zombie.
The wyvern zombie is heavily damaged.
The wyvern zombie bites you.
You hit the wyvern zombie but do no damage.
You bite the wyvern zombie.
The wyvern zombie is severely damaged.
The wyvern zombie bites you!
* * * LOW HITPOINT WARNING * * *
You hit the wyvern zombie.
The wyvern zombie is severely damaged.
The wyvern zombie bites you.
* * * LOW HITPOINT WARNING * * *
You hit the wyvern zombie.
The wyvern zombie is severely damaged.
You block the wyvern zombie's attack. The wyvern zombie barely misses you.
You completely miss the wyvern zombie.
The wyvern zombie is severely damaged.
You block the wyvern zombie's attack.
You hit the wyvern zombie but do no damage.
The wyvern zombie is severely damaged.
The wyvern zombie closely misses you.
You hit the wyvern zombie.
The wyvern zombie is severely damaged.
The wyvern zombie bites you but does no damage.
You see here 5 gold pieces.
You hit the wyvern zombie but do no damage.
Your bite misses the wyvern zombie.
The wyvern zombie is severely damaged.
You block the wyvern zombie's attack. You block the wyvern zombie's attack.
You block the wyvern zombie's attack. The wyvern zombie bites you!
* * * LOW HITPOINT WARNING * * *
The wyvern zombie bites you!
* * * LOW HITPOINT WARNING * * *
You feel better. The wyvern zombie bites you!
You die...
Your body crumbles into a pile of gold.

## #.#### #...# #### #####..##
############ ....####.......#
#..........# .....##$#.####.##
#########... .......#.....##Z##
##..## .............##.@#
#######...## .............###.##
##.)........#
.............##...###..)...[(...#
.............##............##...#
...........##............########
...........#..###.......<# ##
...........#.## ##...##..# #.
)..........#. #...###..# #.
...........#. ##..####.## #.


You could see a wyvern zombie.

Vanquished Creatures
  Pikel (D:6)
  3 centaur zombies
  Menkaure (D:6)
  Duvessa (D:6)
  A sky beast (D:6)
  A black bear (D:6)
  2 necrophages
  A lemure (D:6)
  A centaur (D:6)
  A bullfrog (D:7)
  2 scorpions (D:5)
  A water moccasin zombie (D:5)
  A wyvern skeleton (D:3)
  Dowan (D:6)
  3 wights
  A bullfrog zombie (D:7)
  A human zombie (Ossuary)
  3 orc priests
  3 hounds
  2 jellies
  A bullfrog skeleton (D:5)
  A gnoll shaman (D:6)
  6 iguanas
  4 orc wizards
  2 mummies (Ossuary)
  A hound skeleton (D:6)
  Robin (D:2)
  13 gnolls
  A howler monkey skeleton (D:5)
  8 adders
  An adder zombie (Ossuary)
  An adder skeleton (D:4)
  5 worms
  3 dart slugs
  10 orcs
  6 endoplasms
  7 giant cockroaches
  9 hobgoblins
  13 jackals
  8 kobolds
  4 quokkas
  11 ball pythons
  10 bats
  2 frilled lizards (D:2)
  17 goblins
  2 goblin zombies (Ossuary)
  10 hobgoblin zombies (Ossuary)
  3 jackal zombies (Ossuary)
  9 kobold zombies (Ossuary)
  9 orc zombies (Ossuary)
  4 rats (D:1)
213 creatures vanquished.

Notes
Turn   | Place    | Note
-------+----------+-------------------------------------------
     0 | D:1      | oldriver the Gnoll Gladiator began the quest for the Orb.
     0 | D:1      | Reached XP level 1. HP: 20/20 MP: 1/1
   216 | D:1      | Reached XP level 2. HP: 26/26 MP: 2/2
   479 | D:1      | Reached XP level 3. HP: 31/31 MP: 3/3
  1033 | D:2      | Noticed Robin
  1056 | D:2      | Reached skill level 1 in Invocations
  1159 | D:2      | Reached skill level 1 in Short Blades
  1159 | D:2      | Reached skill level 1 in Axes
  1159 | D:2      | Reached skill level 1 in Maces & Flails
  1159 | D:2      | Reached skill level 1 in Polearms
  1159 | D:2      | Reached skill level 1 in Staves
  1159 | D:2      | Reached skill level 1 in Slings
  1159 | D:2      | Reached skill level 1 in Bows
  1159 | D:2      | Reached skill level 1 in Crossbows
  1159 | D:2      | Reached skill level 1 in Armour
  1159 | D:2      | Reached skill level 1 in Stealth
  1159 | D:2      | Reached skill level 1 in Shields
  1159 | D:2      | Reached skill level 1 in Unarmed Combat
  1159 | D:2      | Reached skill level 1 in Spellcasting
  1159 | D:2      | Reached skill level 1 in Evocations
  1236 | D:2      | Reached XP level 4. HP: 27/38 MP: 5/5
  1333 | D:2      | Found a faded altar of an unknown god.
  1622 | D:2      | Killed Robin
  1623 | D:2      | Reached skill level 1 in Conjurations
  1623 | D:2      | Reached skill level 1 in Hexes
  1623 | D:2      | Reached skill level 1 in Summonings
  1623 | D:2      | Reached skill level 1 in Necromancy
  1623 | D:2      | Reached skill level 1 in Translocations
  1623 | D:2      | Reached skill level 1 in Transmutations
  1623 | D:2      | Reached skill level 1 in Fire Magic
  1623 | D:2      | Reached skill level 1 in Ice Magic
  1623 | D:2      | Reached skill level 1 in Air Magic
  1623 | D:2      | Reached skill level 1 in Earth Magic
  1623 | D:2      | Reached skill level 1 in Poison Magic
  2177 | D:2      | Reached XP level 5. HP: 34/43 MP: 5/7
  3250 | D:3      | Reached XP level 6. HP: 24/50 MP: 8/8
  3470 | D:3      | Found a shimmering altar of Xom.
  3475 | D:3      | Found a white marble altar of Elyvilon.
  3762 | D:3      | Reached skill level 5 in Fighting
  3762 | D:3      | Reached skill level 5 in Throwing
  4711 | D:4      | Noticed a necrophage
  4747 | D:4      | Killed a necrophage
  4748 | D:4      | Reached XP level 7. HP: 27/55 MP: 10/10
  6234 | D:5      | Entered Level 5 of the Dungeon
  6469 | D:5      | Found a staircase to the Ecumenical Temple.
  6618 | Temple   | Entered the Ecumenical Temple
  6647 | Temple   | Became a worshipper of Gozag Ym Sagoz the Greedy
  7432 | D:5      | Reached XP level 8. HP: 24/63 MP: 12/12
  8664 | D:3      | Identified a scroll of acquirement
  8664 | D:3      | Acquired a +0 buckler of resistance
  9872 | D:6      | Noticed Pikel
  9896 | D:6      | Killed Pikel
  9897 | D:6      | Reached XP level 9. HP: 27/69 MP: 13/15
 10182 | D:6      | Noticed Menkaure
 10209 | D:6      | Killed Menkaure
 10662 | D:6      | Found a burning altar of Makhleb.
 10733 | D:6      | Found a shimmering blue altar of Sif Muna.
 10770 | D:6      | Noticed Duvessa
 10770 | D:6      | Noticed Dowan
 10792 | D:6      | Killed Duvessa
 10810 | D:6      | Killed Dowan
 12103 | D:7      | Found a flagged portal.
 12523 | D:7      | Reached skill level 5 in Invocations
 12543 | D:7      | Found a sand-covered staircase.
 12548 | Ossuary  | Entered an ossuary
 13403 | D:7      | HP: 1/68 [wyvern zombie (9)]
 13406 | D:7      | Slain by a wyvern zombie

Illustrated notes

Levels and vault maps discovered:
D:1:      shiori_arrival_maze, layout_basic
D:2:      layout_basic, ebering_ecumenical_altar_webs, uniq_robin
D:3:      layout_basic, gammafunk_temple_overflow_statue,
          chequers_hall_statues_corner_a, corexii_shack, due_unseen_surprise
D:4:      layout_basic
D:5:      layout_basic, minmay_temple_entry_waves, abandoned_shop
D:6:      layout_basic, old_standard_altar, makhleb_blood_cavern_becter,
          uniq_pikel, uniq_menkaure, uniq_duvessa
D:7:      layout_layer_cave, enter_ossuary_1, enter_bailey_5,
          chequers_serial_rivers_small_a, uniq_joseph
Temple:   compressed_dpeg_circular_temple

Skill      XL: |  1  2  3  4  5  6  7  8  9 |
---------------+----------------------------+-----
Invocations    | 1 2 3 4 5 |  5.1
Short Blades   | 1 2 3 4 |  4.6
Axes           | 1 2 3 4 |  4.6
Maces & Flails | 1 2 3 4 |  4.6
Polearms       | 1 2 3 4 |  4.6
Staves         | 1 2 3 4 |  4.6
Slings         | 1 2 3 4 |  4.6
Bows           | 1 2 3 4 |  4.6
Crossbows      | 1 2 3 4 |  4.6
Armour         | 1 2 3 4 |  4.6
Stealth        | 1 2 3 4 |  4.6
Shields        | 1 2 3 4 |  4.6
Unarmed Combat | 1 2 3 4 |  4.6
Spellcasting   | 1 2 3 4 |  4.6
Evocations     | 1 2 3 4 |  4.6
Conjurations   | 1 2 3 |  3.8
Hexes          | 1 2 3 |  3.8
Summonings     | 1 2 3 |  3.8
Necromancy     | 1 2 3 |  3.8
Translocations | 1 2 3 |  3.8
Transmutations | 1 2 3 |  3.8
Fire Magic     | 1 2 3 |  3.8
Ice Magic      | 1 2 3 |  3.8
Air Magic      | 1 2 3 |  3.8
Earth Magic    | 1 2 3 |  3.8
Poison Magic   | 1 2 3 |  3.8
Fighting       | 5 6 |  6.6
Throwing       | 5 6 |  6.6
Long Blades    | 7 8 |  8.1
Dodging        | 7 8 |  8.1

Action                   |  1- 3 |  4- 6 |  7- 9 || total
-------------------------+-------+-------+-------++-------
Melee: Long sword        |   104 |    92 |       ||   196
       Bite              |     9 |    22 |   134 ||   165
       Punch             |     2 |       |       ||     2
       Dagger            |       |   102 |   745 ||   847
Throw: Stone             |    41 |   135 |    71 ||   247
Evoke: Wand              |       |       |     1 ||     1
  Use: Potion            |       |     1 |     3 ||     4
       Scroll            |       |       |    14 ||    14
 Stab: Sleeping          |     1 |       |     1 ||     2
       Distracted        |       |       |     1 ||     1
Armor: Leather armour    |    27 |    54 |    62 ||   143
       Scale mail        |       |       |   185 ||   185
Dodge: Dodged            |   110 |    99 |   339 ||   548
Block: Tower shield      |    27 |   126 |   147 ||   300
       Buckler           |       |       |   136 ||   136

Table legend: (Time is in decaauts)
 A = Elapsed time spent in this place.
 B = Non-inter-level travel time spent in this place.
 C = Inter-level travel time spent in this place.
 D = Time resting spent in this place.
 E = Time spent auto-exploring this place.
 F = Levels seen in this place.
 G = Mean time per level.
                   A        B        C        D        E       F      G
               +--------+--------+--------+--------+--------+-----+--------+
         Total |  13513 |  12718 |    795 |   4769 |   4876 |   9 | 1501.4 |
       Dungeon |  12662 |  11905 |    757 |   4613 |   4592 |   7 | 1808.9 |
        Temple |    131 |     93 |     38 |      0 |     74 |   1 |  131.0 |
       Ossuary |    719 |    719 |      0 |    156 |    210 |   1 |  719.0 |
               +--------+--------+--------+--------+--------+-----+--------+

Top non-repeatable levels by time:
     D:3: 2776 daAuts
     D:4: 2520 daAuts
     D:5: 2315 daAuts
     D:6: 2249 daAuts
     D:2: 1363 daAuts
     D:1: 983 daAuts
 Ossuary: 719 daAuts
     D:7: 453 daAuts
  Temple: 131 daAuts
